 Dungeon Crawl Stone Soup version 0.31.0-32-g396128a36d (webtiles) character file.

Game seed: 12996886940252096833

264 safid the Ruffian (level 5, -2/41 HPs)
             Began as a Draconian Shapeshifter on Mar 14, 2024.
             Slain by Sigmund
             ... wielding a +0 scythe
              (4 damage)
             ... on level 4 of the Dungeon.
             The game lasted 00:03:59 (2704 turns).

safid the Ruffian (Draconian Shapeshifter)          Turns: 2704, Time: 00:04:00

Health: -2/41      AC:  5    Str: 24    XL:     5   Next: 98%
Magic:  5/5        EV: 12    Int: 11    God:
Gold:   157        SH:  5    Dex: 16    Spells: 4/4 levels left

rFire   . .          .
                       - Unarmed
rCold   . . .        (no shield)
rNeg    . . .        (body armour unavailable)
rPois   .            (helmet currently unavailable)
rElec   .            (cloak currently unavailable)
rCorr   .            (gloves currently unavailable)
SInv    .            (boots currently unavailable)
Will    .....        o - amulet of reflection
Stlth   +            g - +6 ring of dexterity
HPRegen 0.26/turn    j - +6 ring of strength
MPRegen 0.09/turn

%: reflection
@: beast-form
A: beast (slay +2), AC +5, unfitting armour, cold-blooded
a: Begin Untransformation


You were on level 4 of the Dungeon.
You were a hulking beast.
You visited 1 branch of the dungeon, and saw 4 of its levels.

You collected 157 gold pieces.

Inventory:

Jewellery
 g - a +6 ring of dexterity (left hand)
 j - a +6 ring of strength (right hand)
 o - an amulet of reflection (around neck)
Talismans
 b - a beast talisman
 c - a flux talisman
Scrolls
 e - 5 scrolls of identify {unknown}
 h - a scroll of poison {unknown}
 i - a scroll of enchant weapon {unknown}
 k - 2 scrolls of brand weapon {unknown}
 l - a scroll of fog {unknown}
 m - a scroll of blinking {unknown}
 p - a scroll of enchant armour {unknown}
 q - a scroll of noise {unknown}
Potions
 a - a potion of lignification
 d - a potion of might {unknown}
 f - a potion of curing
 n - a potion of cancellation {unknown}


   Skills:
 + Level 1.8 Fighting
 - Level 2.0 Dodging
 + Level 0.1 Shields
 + Level 5.1 Unarmed Combat
 * Level 4.6 Shapeshifting


You had 4 spell levels left.
You didn't know any spells.
Your spell library was empty.

Dungeon Overview and Level Annotations

Branches:
Dungeon (4/15)
 Temple: D:4-7

Altars:

Shops:
D:3 =

Portals:
Sewer: D:4

Annotations:
D:4 Sigmund


Innate Abilities, Weirdness & Mutations

You are a hulking beast.
Your limbs bulge with bestial killing power. (Slay +2)
Your plain brown scales are hard. (AC +5)
You cannot fit into any form of body armour.
You are cold-blooded and may be slowed by cold attacks.


Message History

You block the river rat's attack. The ball python bites you.
The ball python closely misses you. Something hits you but does no damage.
The river rat attacks as it pursues you!
The river rat barely misses you.
You hit the river rat.
The river rat is lightly wounded.
The river rat barely misses you.
You hit the river rat but do no damage.
The river rat is lightly wounded.
The river rat barely misses you.
You hit the river rat. You tail-slap the river rat.
You kill the river rat!
Something hits you but does no damage.
You hit the giant cockroach.
The giant cockroach is heavily wounded.
The giant cockroach bites you but does no damage.
The giant cockroach bites you.
You hit the giant cockroach.
You kill the giant cockroach!
Something hits you. The ball python closely misses you. x2
You hit the ball python.
You kill the ball python!
The giant cockroach waves its antennae.
You hit the giant cockroach.
You kill the giant cockroach!
Something hits you.
A magic dart appears from out of thin air!
The magic dart hits you. Something hits you!
Things that are here:
a ball python corpse; a river rat corpse You punch something!
Something hits you.
You hit something. You tail-slap something. Something hits you!
* * * LOW HITPOINT WARNING * * *
You hit something. Your punch misses something. You barely miss something.
Something hits you!
* * * LOW HITPOINT WARNING * * *
You closely miss something. You hit something. Something hits you.
You die...

........# ..~~~...#
.~~~~~..#####
.~~∩~~......#
.~~~~~..$##.#
..~~~....##.#
..........#.# ..
.........##.# ....
.##.....{h..#
....######.####.####
<.......## #....#
........## #.####
.........###.#
#...........#
#.......#####
#..........#
##########
#......###.#
#........#


There were no monsters in sight!

Vanquished Creatures
  A kobold brigand (D:3)
  Natasha (thrice) (D:3)
  An iguana (D:3)
  3 adders (D:3)
  A river rat (D:4)
  2 dart slugs
  A ribbon worm (D:2)
  An orc (D:3)
  2 endoplasms
  3 giant cockroaches
  5 hobgoblins
  5 jackals (D:3)
  8 ball pythons
  10 bats
  A frilled lizard (D:2)
  9 goblins
  3 kobolds
  3 rats (D:1)
62 creatures vanquished.

Notes
Turn   | Place    | Note
-------+----------+-------------------------------------------
     0 | D:1      | safid the Draconian Shapeshifter began the quest for the
                  | Orb.
     0 | D:1      | Reached XP level 1. HP: 16/16 MP: 1/1
   142 | D:1      | Reached XP level 2. HP: 21/23 MP: 2/2
   343 | D:1      | Found a faded altar of an unknown god.
  1335 | D:2      | Reached XP level 3. HP: 23/28 MP: 3/3
  1706 | D:3      | Noticed a kobold brigand
  1722 | D:3      | Killed a kobold brigand
  1723 | D:3      | Reached skill level 4 in Unarmed Combat
  1723 | D:3      | Reached XP level 4. HP: 28/35 MP: 4/4
  1867 | D:3      | Noticed Natasha
  1890 | D:3      | Killed Natasha
  2047 | D:3      | Found Huatt's One-of-a-Kind Rings.
  2126 | D:3      | Reached XP level 5. HP: 40/40 MP: 5/5
  2336 | D:3      | Noticed Natasha
  2348 | D:3      | Killed Natasha
  2509 | D:3      | Noticed Natasha
  2517 | D:3      | Killed Natasha
  2518 | D:3      | Reached skill level 5 in Unarmed Combat
  2682 | D:4      | Found a glowing drain.
  2683 | D:4      | Noticed Sigmund
  2702 | D:4      | HP: 1/41 [something (7)]
  2704 | D:4      | Slain by Sigmund

Illustrated notes

Levels and vault maps discovered:
D:1:      lightli_arrival_statue_moat, layout_basic,
          shapermc_ecumenical_altar_acropolis
D:2:      layout_loops_cross
D:3:      layout_loops_cross, nicolae_shop_unique_rings, minmay_divided_ellipse,
          uniq_natasha
D:4:      layout_basic, slow_altar_2,
          chequers_temple_overflow_statue_of_worship,
          minmay_temple_entry_stoned_glass, portal_sewer_entry_a,
          columned_hall_lemuel, chequers_serial_rivers_large_b, uniq_sigmund

Skill      XL: |  1  2  3  4  5 |
---------------+----------------+-----
Dodging        | 2 |  2.0
Unarmed Combat | 4 5 |  5.1
Shapeshifting  | 4 |  4.6
Fighting       | |  1.8
Shields        | |  0.1

Action                     |  1- 3 |  4- 6 || total
---------------------------+-------+-------++-------
  Melee: Unarmed           |    94 |    78 ||   172
         Tailslap          |    13 |    15 ||    28
         Punch             |     2 |       ||     2
    Use: Potion            |       |     1 ||     1
   Stab: Sleeping          |     1 |       ||     1
 Armour: Skin              |    68 |    62 ||   130
  Dodge: Dodged            |    74 |    48 ||   122
  Block: Other             |       |     8 ||     8
